Map: Dusk Towers

Players

ILLBdA - Winner!

  • Race: Protoss Protoss
  • League: Diamond

퓨리

  • Race: Protoss Protoss
  • League: Diamond

VOD

Have the link to the VOD?

Description

Time

  • Played on: Dec. 22, 2015, 8:11 a.m.
  • Length: 2:42
Show
View Real Time Build Order
Export as new Build Order

ILLBdA Protoss - Winner!

Build Orders: Cannon Rush 

Get SALT Encoding   

  12  0:01  Probe (Chrono Boost)  
  13  0:11  Probe (Chrono Boost)  
  14  0:20  Pylon  
  14  0:22  Probe (Chrono Boost)  
  15  0:38  Probe (Chrono Boost)  
  15  0:41  Forge  
  16  0:49  Probe (Chrono Boost)  
  17  0:59  Probe (Chrono Boost)  
  18  1:10  Probe (Chrono Boost)  
  19  1:19  Pylon  
  19  1:20  Pylon  
  19  1:21  Pylon  
  19  1:29  Pylon  
  19  1:39  Photon Cannon  
  19  1:48  Photon Cannon  
  19  1:49  Pylon  
  19  1:56  Photon Cannon  
  19  2:04  Photon Cannon  
  19  2:22  Photon Cannon  
  19  2:30  Photon Cannon  
  19  2:38  Photon Cannon  
Show
View Real Time Build Order
Export as new Build Order

퓨리 Protoss 

Build Orders:  

Get SALT Encoding   

  12  0:01  Probe (Chrono Boost)  
  13  0:11  Probe (Chrono Boost)  
  14  0:20  Pylon  
  14  0:22  Probe (Chrono Boost)  
  15  0:38  Gateway, Probe (Chrono Boost)  
  16  0:47  Assimilator  
  16  0:49  Probe (Chrono Boost)  
  17  0:53  Assimilator  
  17  0:59  Probe (Chrono Boost)  
  18  1:10  Probe (Chrono Boost)  
  19  1:19  Gateway  
  19  1:21  Probe (Chrono Boost)  
  20  1:30  Cybernetics Core  
  19  2:08  Mothership Core (Chrono Boost)  
Tags
 
Matchup
PvP
Replay Pack
me
Add a new tag
Caveats
  • Supply blocks, unpowered buildings, or Contaminate may cause inaccurate times.
  • Supply counts are checked every 10 seconds.